[Event "*** Titled Tuesday Blitz"]
[Site "Chess.com"]
[Date "2021.03.02"]
[Round "5"]
[White "TST2014"]
[Black "Ali-Farahat"]
[Result "1-0"]
[WhiteElo "2624"]
[BlackElo "2414"]
[TimeControl "180+1"]
[EndTime "10:56:32 PST"]
[Termination "TST2014 won on time"]

1. d4 d5 2. c4 c6 3. Nf3 Nf6 4. Nc3 e6 5. e3 Nbd7 6. Qc2 Bd6 7. Be2 O-O 8. O-O dxc4 9. a4 Qe7 10. Bxc4 e5 11. h3 a5 12. Ba2 exd4 13. exd4 Nb6 14. Re1 Qc7 15. Bg5 Nfd5 16. Bb1 g6 17. Ne4 Bf5 18.
Qb3 Bxe4 19. Bxe4 Rfe8 20. h4 Re6 21. Bc2 Rae8 22. h5 Bf4 23. Rxe6 Rxe6 24. Rd1 Nb4 25. Bb1 N6d5 26. Qc4 Bxg5 27. Nxg5 Re7 28. Qc1 Qf4 29.
Qxf4 Nxf4 30. h6 Rd7 31. Kf1 f6 32. Ne4 Kf7 33. g3 Ne6 34. Ke2 Rxd4 35. Rxd4 Nxd4+ 36. Kd2 Ne6 37. Nd6+ Ke7 38. Nxb7 Ng5 39. f4 Nf7 40.
Nxa5 Nxh6 41. Kc3 c5 42. Kc4 Na6 43. Kb5 Nc7+ 44. Kxc5 Nf7 45. b4 Nd8 46. b5 Nde6+ 47. Kb6 Nd5+ 48. Ka7 Kd6 49. Ba2 Nec7 50. Nb7+ Kd7 51.
Bxd5 Nxd5 52. a5 g5 53. Nc5+ Kd6 54. Ne4+ Ke6 55. fxg5 f5 56. Nf6 Nxf6 57. gxf6 f4 58. gxf4 h5 59. b6 1-0

[Event "*** Titled Tuesday Blitz"]
[Site "Chess.com"]
[Date "2021.03.02"]
[Round "5"]
[White "Alexandercs432"]
[Black "niki_2003"]
[Result "0-1"]
[WhiteElo "2199"]
[BlackElo "2013"]
[TimeControl "180+1"]
[EndTime "10:56:34 PST"]
[Termination "niki_2003 won by checkmate"]

1. e4 c6 2. d4 d5 3. e5 Bf5 4. h4 h6 5. g4 Bh7 6. e6 fxe6 7. Bd3 Nf6 8. h5 Nbd7 9. f4 Bxd3 10. Qxd3 Ne4 11.
Nf3 Qc7 12. Nc3 Nxc3 13. Qxc3 O-O-O 14. Be3 Nf6 15. Ne5 Ne4 16. Qd3 Rg8 17. O-O-O g5 18.
hxg6 Bg7 19. Nf7 Rdf8 20. Nxh6 Bxh6 21. Rxh6 Rxf4 22. Rg1 Rf6 23. Qa3 Kb8 24. Kb1 Rgf8 25. Rhh1 Ng3 26. Rxg3 Qxg3 27. Bc1 Qxg4 28. Qxe7 Qxg6 29.
Rh7 R6f7 30. Qd6+ Ka8 31. Rxf7 Qxf7 32. a4 Qf1 33. a5 Rb8 34. a6 Qxa6 35. b3 Qe2 36.
Kb2 Qe4 37. Bf4 Qxd4+ 38. Kb1 Rc8 39. Kc1 Qg1+ 40. Kb2 Qd4+ 41. Ka3 Qg1 42. Qxe6 Qa1+ 43. Kb4 c5+ 44. Kb5 a6+ 45. Kb6 Rc6+ 46. Qxc6 bxc6 47.
Kxc6 Qf6+ 48. Kxd5 Qxf4 49. Kxc5 Qd2 50. c4 Qc2 51. b4 Qb3 52. b5 a5 53. b6 a4 54.
Kc6 a3 55. c5 a2 56. Kc7 a1=Q 57. c6 Qe5+ 58. Kc8 Qbe6+ 59. Kd8 Q5d6# 0-1

[Event "*** Titled Tuesday Blitz"]
[Site "Chess.com"]
[Date "2021.03.02"]
[Round "5"]
[White "ruvat"]
[Black "shnitez"]
[Result "1/2-1/2"]
[WhiteElo "2333"]
[BlackElo "2509"]
[TimeControl "180+1"]
[EndTime "10:56:35 PST"]
[Termination "Game drawn - timeout vs insufficient material"]

1. d4 Nf6 2. c4 e6 3. g3 c5 4. d5 exd5 5. cxd5 b5 6. Nf3 d6 7. e4 Nxe4 8. Bxb5+ Bd7 9. Bxd7+ Nxd7 10. O-O Be7 11.
Re1 Nef6 12. Nc3 O-O 13. Nd2 Ne5 14. Nde4 Nxe4 15. Nxe4 f5 16. Nc3 c4 17. Be3 Nd3 18. Re2 f4 19. Bd4 Bf6 20. Bxf6 Qxf6 21. Ne4 Qd4 22.
Nxd6 Qxd5 23. Ne4 Rae8 24. Nc3 Qf3 25. Qd2 Rxe2 26. Qxe2 Qxe2 27. Nxe2 fxg3 28. fxg3 Nxb2 29. Rc1 Rc8 30. Nc3 Nd3 31. Rf1 Rb8 32. Rf5 h6 33. Ra5 Rb7 34. Ra6 Re7 35. Rc6 Ne5 36. Rc5 g5 37. h3 h5 38. g4 hxg4 39. hxg4 Kf7 40. Kg2 Nd3 41. Rxg5 Nf4+ 42. Kg3 Ne6 43. Rf5+ Kg6 44.
Re5 Kf6 45. Re3 Rd7 46. Ne4+ Kf7 47. g5 Nd4 48. Kf4 Ne6+ 49. Ke5 Nd4 50. Nd6+ Rxd6 51. Kxd6 Nf5+ 52. Ke5 Nxe3 53. Kd4 Nc2+ 54. Kxc4 Ke6 55. Kb5 Kd7 56. Ka6 Kc7 57. Kxa7 Nd4 58. g6 Ne6 59. a4 Ng7 60. Ka6 Kc8 61. Kb6 Kb8 62. Kc6 Ka7 63. Kd6 Ka6 64. Ke7 Ka5 65. Kf6 Nh5+ 66. Kf7 Kxa4 1/2-1/2

[Event "*** Titled Tuesday Blitz"]
[Site "Chess.com"]
[Date "2021.03.02"]
[Round "5"]
[White "exoticprincess"]
[Black "13MiRacLe"]
[Result "0-1"]
[WhiteElo "2981"]
[BlackElo "2745"]
[TimeControl "180+1"]
[EndTime "10:56:36 PST"]
[Termination "13MiRacLe won on time"]

1. d4 Nf6 2. Nc3 d5 3. Bf4 g6 4.
Qd2 Bg7 5. Bh6 Bxh6 6. Qxh6 Bf5 7. Qd2 c5 8. e3 cxd4 9. exd4 Nc6 10. Bb5 Rc8 11.
Nge2 O-O 12. Bxc6 Rxc6 13. f3 Bc8 14. O-O Qb6 15. a4 a5 16. Nb5 e5 17. Rae1 Bd7 18. Rf2 e4 19. Nec3 Re6 20. Rfe2 Bxb5 21. Nxb5 Rfe8 22. c3 exf3 23. gxf3 Nh5 24. Kf1 Rxe2 25.
Rxe2 Rxe2 26. Qxe2 Qf6 27. Nc7 Qh4 28. Nxd5 Qh3+ 29.
Ke1 Qd7 30. Qb5 Qe6+ 31. Kf2 Qh3 32. Qe8+ Kg7 33. Qe5+ f6 34. Qc7+ Kh6 35. Qb8 Qh4+ 36. Ke2 Qh3 37. Kf2 Qh4+ 38. Ke2 Qh3 39. Ne3 f5 40.
Qf8+ Kg5 41. Qe7+ Kh6 42. Qc7 f4 43. Ng4+ Kg5 44. Qe5+ Kh4 45. d5 Qg2+ 46. Nf2 Qxh2 47. Qd4 Ng3+ 48. Kd3 Qg1 49. Qxf4+ Kh5 50. Qg4+ Kh6 51.
Qh4+ Kg7 52. Qe7+ Kg8 53. Ng4 Qd1+ 54. Kc4 Qxa4+ 55. Kc5 b6+ 56. Kd6 Nf5+ 57. Ke6 Nxe7 58. d6 Nc8 59. d7 Qc6+ 60. Ke5 Qc7+ 0-1

[Event "*** Titled Tuesday Blitz"]
[Site "Chess.com"]
[Date "2021.03.02"]
[Round "5"]
[White "Goryachkina"]
[Black "tigra"]
[Result "0-1"]
[WhiteElo "2682"]
[BlackElo "2858"]
[TimeControl "180+1"]
[EndTime "10:56:36 PST"]
[Termination "tigra won on time"]

1. Nf3 d5 2. g3 Bg4 3. Bg2 Nd7 4. d4 e6 5. O-O c6 6. h3 Bxf3 7. Bxf3 f5 8. c4 Ngf6 9. Qb3 Qb6 10. cxd5 exd5 11.
Qxb6 axb6 12. Bf4 Be7 13. Nc3 Ne4 14. a4 g5 15. Bxe4 fxe4 16. Be3 Rf8 17. f3 exf3 18. exf3 Bd6 19. Kg2 h6 20. Rfe1 Kf7 21. Re2 Nf6 22. b3 Rfe8 23. Rf1 Bb4 24. Na2 Bd2 25. Kf2 Rxe3 26. Rxe3 Bxe3+ 27. Kxe3 Nh5 28. Kf2 Ng7 29. Nb4 Nf5 30. Rd1 Re8 31. g4 Nh4 32. Nd3 Ng6 33. Re1 Rxe1 34. Kxe1 Kf6 35. Kf2 Nf8 36. Ke3 Ne6 37.
b4 Nc7 38. a5 bxa5 39. bxa5 Ne6 40. f4 gxf4+ 41. Nxf4 Ng5 42. Nd3 Ne4 43. Nc5 Nxc5 44. dxc5 Kg5 45. Kf3 h5 46. gxh5 Kxh5 47. Kg3 Kg5 48.
h4+ Kh5 49. Kh3 Kh6 50. Kg4 Kg6 51. Kf4 Kf6 52. h5 Kf7 53. Kf5 Kg7 54. Kg5 Kh7 55. Kf5 Kh6 56. Kg4 d4 57. Kf4 Kxh5 58. Ke4 Kg4 59.
Kxd4 Kf4 60. Kc4 Ke4 61. Kc3 Kd5 62. Kb4 Kd4 63. Kb3 Kxc5 64. Ka4 Kc4 0-1

[Event "*** Titled Tuesday Blitz"]
[Site "Chess.com"]
[Date "2021.03.02"]
[Round "5"]
[White "elcandado"]
[Black "MaxLeto"]
[Result "0-1"]
[WhiteElo "2606"]
[BlackElo "2430"]
[TimeControl "180+1"]
[EndTime "10:56:36 PST"]
[Termination "MaxLeto won by resignation"]

1. d4 d5 2. Bf4 c5 3. c3 Nc6 4. e3 Nf6 5. Nd2 Qb6 6. Qb3 cxd4 7.
Qxb6 axb6 8. exd4 Bf5 9. h3 e6 10. Ngf3 h6 11. Bb5 Be7 12. O-O O-O 13. Rfe1 Rfc8 14. Ne5 Ra5 15. Bf1 Rca8 16. a3 Nxe5 17. Bxe5 Nd7 18. Bh2 Rc8 19. f3 Bg5 20. f4 Bh4 21. g3 Be7 22. g4 Bh7 23. Bg3 Kf8 24.
Nf3 Bd6 25. Kf2 Nf6 26. Nd2 Ke7 27. Bg2 Kd7 28. Re3 Bb8 29. Rae1 Rc6 30. f5 Bxg3+ 31. Kxg3 Ra8 32. Bf3 Re8 33. Kf4 Rd6 34. h4 exf5 35.
Rxe8 Nxe8 36. gxf5 Rf6 37. Re5 Nd6 38. Rxd5 Bxf5 39.
Ke3 Be6 40. Re5 Kc7 41. Ne4 Nxe4 42. Bxe4 Bd7 43. d5 Kd6 44. Kd4 Rf1 45. Bd3 Rd1 46.
Re3 Bf5 47. c4 f6 48. Rf3 Bh7 49. Re3 g5 50. h5 g4 51. Kc3 Rxd3+ 52. Rxd3 Bxd3 53.
Kxd3 f5 54. Ke3 Kc5 55. b4+ Kd6 56. Kf4 b5 57. cxb5 Kxd5 58. a4 Kc4 59. b6 Kxb4 60.
Kxf5 g3 61. Ke6 g2 62. Kd7 g1=Q 63. Kc7 Ka5 64. Kxb7 Qxb6+ 65. Ka8 Qa6+ 66. Kb8 Kxa4 67. Kc7 Qa5+ 0-1

[Event "*** Titled Tuesday Blitz"]
[Site "Chess.com"]
[Date "2021.03.02"]
[Round "5"]
[White "Politov_Pavel"]
[Black "digilik"]
[Result "1-0"]
[WhiteElo "2409"]
[BlackElo "2245"]
[TimeControl "180+1"]
[EndTime "10:56:36 PST"]
[Termination "Politov_Pavel won by resignation"]

1. d4 Nf6 2. Nf3 g6 3. c4 Bg7 4. Nc3 O-O 5. e4 d6 6. Be2 Bg4 7. O-O Nfd7 8. Be3 c5 9. d5 Na6 10. Ne1 Bxe2 11. Qxe2 Nc7 12. Nd3 e6 13. dxe6 Nxe6 14.
Rad1 Qa5 15. Nb5 Qb6 16. Nf4 Be5 17. Nxe6 fxe6 18. f4 a6 19. fxe5 axb5 20. Rxf8+ Rxf8 21. Rxd6 Qc7 22. cxb5 Nxe5 23. Rxe6 c4 24. b6 Qb8 25.
Bh6 Re8 26. Rxe8+ Qxe8 27. Bf4 Nd3 28. Bg3 Qb5 29. h4 Qxb6+ 30. Kh2 Qxb2 31. Qg4 Qd4 32.
h5 Qf6 33. Qc8+ Kg7 34. Qxc4 Ne5 35. Qc7+ Nf7 36. e5 Qf5 37. hxg6 hxg6 38. Qxb7 Qh5+ 39. Kg1 Qd1+ 40. Kf2 Qd2+ 41. Kf1 Qd1+ 42. Be1 Qd3+ 43. Kg1 Qe3+ 44. Bf2 Qxe5 45. Qb3 Qa1+ 46. Kh2 Qe5+ 47.
Qg3 Qh5+ 48. Qh3 Qe5+ 49. Bg3 Qe3 50. a4 Qa3 51. Qd7 Qb4 52. Qb5 Qd4 53. Be1 Qf6 54. Bg3 Qf5 55. Qxf5 gxf5 56. a5 Nd8 57. a6 Nc6 58.
Bf2 Kf6 59. a7 Nxa7 60. Bxa7 Kg5 61. Kg3 f4+ 62. Kf3 1-0

[Event "*** Titled Tuesday Blitz"]
[Site "Chess.com"]
[Date "2021.03.02"]
[Round "5"]
[White "annamaja"]
[Black "Marty435"]
[Result "0-1"]
[WhiteElo "2372"]
[BlackElo "2549"]
[TimeControl "180+1"]
[EndTime "10:56:37 PST"]
[Termination "Marty435 won by checkmate"]

1. e4 c6 2. d4 d5 3. exd5 cxd5 4. Nf3 Nc6 5. Bd3 Bg4 6. c3 e6 7. h3 Bd6 8. Nbd2 Bh5 9. O-O Nge7 10. Re1 Qc7 11. Nf1 h6 12. Ne3 g5 13. g4 Bg6 14. Bxg6 fxg6 15. Ng2 Qd7 16. Qe2 O-O 17. Qxe6+ Qxe6 18. Rxe6 Rxf3 19. Rxd6 Rxh3 20. Ne1 Rh4 21. f3 Kf7 22. Be3 Re8 23. Bf2 h5 24. Bxh4 gxh4 25. gxh5 gxh5 26. Ng2 Rg8 27. Kf2 Nf5 28. Rd7+ Kf6 29. Nf4 Nce7 30. Rd6+ Kf7 31. Nxd5 h3 32. Nf4 Nxd6 33. Nxh3 Nd5 34. f4 Kf6 35. Re1 Re8 36. Re5 Ne4+ 37. Kf3 Rxe5 38. fxe5+ Kf5 39. Ng1 Ng5+ 40.
Kg3 Nf4 41. Nf3 Ne4+ 42. Kh4 Kg6 43. d5 Ng2+ 44. Kh3 Nf4+ 45. Kh4 Nxd5 46. e6 Ne7 47. Ne5+ Kf5 48. Nc4 Nf6 49. Nd6+ Kxe6 50. Nxb7 Kf5 51. Nc5 Ng6+ 52. Kh3 h4 53. Nb3 Kg5 54. Nd4 Nf4+ 55. Kh2 Kg4 56. c4 Ne4 57. c5 Nxc5 58. b4 Ncd3 59. b5 Ne5 60. a4 Nc4 61. Nc6 h3 62.
Nxa7 Nd2 63. Nc6 Nf3+ 64. Kh1 Ne2 65. Ne5+ Nxe5 66. b6 Nf3 67. b7 Ng3# 0-1

[Event "*** Titled Tuesday Blitz"]
[Site "Chess.com"]
[Date "2021.03.02"]
[Round "5"]
[White "publicaccountcze"]
[Black "Chesswizard_2007"]
[Result "0-1"]
[WhiteElo "2208"]
[BlackElo "2709"]
[TimeControl "180+1"]
[EndTime "10:56:37 PST"]
[Termination "Chesswizard_2007 won on time"]

1. d4 e6 2. c4 Bb4+ 3. Nc3 c5 4. dxc5 Nf6 5. Bd2 Bxc5 6. e3 O-O 7. Nf3 d5 8. cxd5 exd5 9. Be2 Nc6 10. O-O Bg4 11.
h3 Bh5 12. Nd4 Nxd4 13. Bxh5 Ne6 14. Bf3 Rc8 15. b3 d4 16. exd4 Bxd4 17. Rc1 Qe7 18. Nd5 Nxd5 19. Bxd5 Rcd8 20. Bxe6 Qxe6 21. Qf3 h6 22.
Bb4 Rfe8 23. Rfe1 Qb6 24. Rxe8+ Rxe8 25. Re1 Rd8 26. Bc3 Bxc3 27. Qxc3 Qd6 28. Qe3 a6 29. Qe7 Qb6 30. Qe3 Qa5 31. Re2 Qc7 32. g3 Qc6 33. Qe4 Qf6 34. Kg2 g6 35. Qxb7 Kg7 36. Qe7 Qc6+ 37.
Qe4 Qb6 38. Qe3 Qb7+ 39. Qe4 Qc8 40. Qe5+ Kg8 41. Re3 Qc6+ 42. Qe4 Qb6 43. Rf3 Qd6 44. Qc4 Rd7 45. Qf4 Qf8 46. Qf6 Rd6 47. Qf4 Re6 48.
Re3 Rc6 49. Rf3 Re6 50. h4 h5 51. Re3 Rc6 52. Rf3 Re6 53. Re3 Rb6 54. Rf3 Rb7 55.
Re3 Rd7 56. Qf6 Qa8+ 57. Rf3 Qb7 58. Qf4 Rd3 59. g4 hxg4 60. Qxg4 Rd5 61. h5 Rxh5 62. Qg3 Qe7 63. Kf1 Rg5 64. Qxg5 Qxg5 65. Rc3 Qb5+ 0-1

[Event "*** Titled Tuesday Blitz"]
[Site "Chess.com"]
[Date "2021.03.02"]
[Round "5"]
[White "Meri-Arabidze"]
[Black "MalyDominator"]
[Result "0-1"]
[WhiteElo "2627"]
[BlackElo "2499"]
[TimeControl "180+1"]
[EndTime "10:56:40 PST"]
[Termination "MalyDominator won by resignation"]

1. d4 d5 2. c4 e6 3. Nf3 Nf6 4. Nc3 c5 5. cxd5 Nxd5 6. e4 Nxc3 7. bxc3 cxd4 8. cxd4 Bb4+ 9. Bd2 Bxd2+ 10. Qxd2 O-O 11. Bc4 Nd7 12. O-O b6 13. a4 Bb7 14. Rfe1 Rc8 15. Bd3 Re8 16. a5 Nf6 17. axb6 axb6 18. Rab1 Re7 19. h3 h6 20. Qb2 Nd7 21. Bb5 Nf6 22. Bd3 Nd7 23. Qb4 Rb8 24. Qd6 Ba8 25. Re2 Re8 26. Bb5 Nf6 27. Qf4 Re7 28. Rd1 Qc7 29.
Ne5 Rc8 30. g4 Qc3 31. h4 Qh3 32. h5 Rc3 33. Bd3 b5 34. Re3 Qh4 35. Rg3 Nxh5 36.
Nf3 Nxf4 37. Nxh4 Nxd3 38. Rgxd3 Rxd3 39. Rxd3 Bxe4 40. Rb3 Rb7 41. f3 Bd5 42. Rb4 g5 43. Ng2 Bxf3 44. Ne3 Be4 45. Kf2 Kf8 46. Nd1 Ke7 47.
Nc3 Bc6 48. Ke3 Kd6 49. Ne2 f5 50. gxf5 exf5 51. Nc3 f4+ 52. Kf2 g4 53. d5 Bxd5 54. Rd4 b4 55. Nxd5 Kc5 56. Rd1 Rd7 57. Rc1+ Kxd5 58.
Rd1+ Kc6 59. Rc1+ Kb5 60. Rb1 Ka4 61. Ke2 b3 62. Ra1+ Kb4 63. Rb1 Ka3 64. Ra1+ Kb2 65. Rd1 Rxd1 0-1

[Event "*** Titled Tuesday Blitz"]
[Site "Chess.com"]
[Date "2021.03.02"]
[Round "5"]
[White "Pintacara"]
[Black "Cuajada_Zero"]
[Result "0-1"]
[WhiteElo "2476"]
[BlackElo "2282"]
[TimeControl "180+1"]
[EndTime "10:56:41 PST"]
[Termination "Cuajada_Zero won by checkmate"]

1. d4 d5 2. Bg5 Nd7 3. Nc3 c6 4. e4 dxe4 5. Nxe4 Ngf6 6. Qe2 Nxe4 7. Qxe4 Nf6 8. Bxf6 gxf6 9. O-O-O Qa5 10. Kb1 Bf5 11. Qe3 e6 12. Bd3 Bd6 13. Ne2 O-O-O 14. f3 Kb8 15. h4 h5 16. Rdg1 Rdg8 17. Nc3 Bxd3 18.
Qxd3 f5 19. Nd1 Rg3 20. Ne3 Rhg8 21. Rd1 Bf4 22. Rhe1 Bxe3 23. Qxe3 Rxg2 24. Re2 Rxe2 25. Qxe2 a6 26. f4 Qd5 27. Qxh5 Rg2 28. Qh8+ Ka7 29. Qe5 Qxe5 30. dxe5 Rh2 31. h5 Rxh5 32. b4 Rh4 33.
Rd4 Kb6 34. a3 Kc7 35. Kb2 Rh3 36. c4 Rf3 37. c5 b6 38. cxb6+ Kxb6 39. a4 a5 40.
bxa5+ Kxa5 41. Rd7 Rxf4 42. Rxf7 Re4 43. Rc7 Kxa4 44.
Rxc6 Rxe5 45. Kc3 Kb5 46. Rd6 Re4 47. Rd8 Kc5 48. Rc8+ Kd6 49. Kd3 Ke5 50. Rc5+ Kf6 51. Rc8 Ra4 52. Rf8+ Ke5 53. Rb8 Ra3+ 54. Ke2 Rh3 55.
Rb4 Kf6 56. Rb6 Ke5 57. Rb4 f4 58. Kf2 Kf5 59. Rb8 e5 60. Rf8+ Ke4 61. Ra8 Rh2+ 62. Kg1 Rb2 63. Kf1 Kf3 64. Ke1 e4 65. Rh8 Ke3 66. Ra8 Rb1# 0-1

[Event "*** Titled Tuesday Blitz"]
[Site "Chess.com"]
[Date "2021.03.02"]
[Round "5"]
[White "andy_rekt"]
[Black "ChainsOfFantasia"]
[Result "1/2-1/2"]
[WhiteElo "2271"]
[BlackElo "2443"]
[TimeControl "180+1"]
[EndTime "10:56:43 PST"]
[Termination "Game drawn - timeout vs insufficient material"]

1. e4 e6 2. Ke2 d5 3. exd5 exd5 4. d4 Nf6 5. Nf3 Bd6 6. Bg5 h6 7. Bh4 O-O 8. Ke1 Re8+ 9. Be2 Bg4 10. Kf1 Nbd7 11.
Nbd2 c6 12. Bg3 Nf8 13. Ne5 Bxe2+ 14. Qxe2 Ng6 15. Re1 Nd7 16. Qh5 Ndxe5 17. dxe5 Qa5 18. Nb3 Qa6+ 19. Kg1 Re7 20. e6 Bxg3 21. exf7+ Rxf7 22. hxg3 Nf8 23. a3 Qb6 24. Qe2 Rd8 25. Nd2 Rd6 26. Nf3 Re6 27. Qd2 Rfe7 28. Rxe6 Nxe6 29. b4 Qc7 30. Kh2 Nf8 31. Re1 Qd8 32. Re3 Qe8 33.
Qe2 Rxe3 34. Qxe3 Qxe3 35. fxe3 Kf7 36. g4 Nd7 37. Kg3 Ke6 38. Kf4 Nf6 39. Nd4+ Kf7 40.
g5 Ne8 41. gxh6 gxh6 42. Nf5 Kg6 43. e4 dxe4 44. Kxe4 Nf6+ 45. Ke5 Ng4+ 46. Ke6 h5 47. Nd6 b6 48. Nc8 Ne3 49. Nxa7 Nxg2 50. Nxc6 h4 51. Ne5+ Kg5 52. Nf3+ Kf4 53. Nxh4 Nxh4 54.
c4 Nf5 55. c5 bxc5 56. bxc5 Nd4+ 57. Kd5 Nf5 58. c6 Ne7+ 59. Kd6 Nc8+ 60. Kc7 Na7 61. a4 Ke5 62. Kb7 Kd6 63. Kxa7 Kc7 1/2-1/2

[Event "*** Titled Tuesday Blitz"]
[Site "Chess.com"]
[Date "2021.03.02"]
[Round "5"]
[White "MFBerna"]
[Black "chessprincesa1"]
[Result "1/2-1/2"]
[WhiteElo "2398"]
[BlackElo "2237"]
[TimeControl "180+1"]
[EndTime "10:56:44 PST"]
[Termination "Game drawn by repetition"]

1. d4 d5 2. c4 e6 3. Nc3 Bb4 4. Nf3 Nf6 5. Bg5 h6 6. Bxf6 Qxf6 7. e3 O-O 8. cxd5 exd5 9. Be2 c6 10. O-O Bd6 11. Rb1 Be6 12. b4 a6 13. a4 Nd7 14. b5 axb5 15. axb5 Ra3 16. Rb3 Rfa8 17.
bxc6 bxc6 18. Nd2 c5 19. Rxa3 Rxa3 20. Nb5 Ra6 21. dxc5 Bxc5 22. Nb3 Rb6 23. Nxc5 Nxc5 24. Qd4 Qxd4 25. Nxd4 Kf8 26. Rc1 Ne4 27. Bd3 Nd6 28.
h3 Ke7 29. Kf1 Bd7 30. Rc7 Kd8 31. Rc5 Be6 32. Ke2 Kd7 33. Ra5 Rb2+ 34. Kf3 Rb7 35. Ra8 g6 36. Ra6 h5 37. g3 Rc7 38.
Kg2 Rc3 39. Ra7+ Kd8 40. Be2 Nf5 41. Ra8+ Ke7 42. Nxf5+ Bxf5 43. Bf3 Be6 44. Ra7+ Kf6 45. Ra6 Rd3 46. Ra5 d4 47. exd4 Rxd4 48. Ra6 Kg7 49. Ra3 Rd2 50. h4 Ra2 51. Re3 Ra4 52.
Re2 Ra3 53. Re3 Rxe3 54. fxe3 Kf6 55. Kf2 Ke5 56. Be2 Bg4 57. Bd3 Bf5 58. Bc4 Be6 59. Be2 Bd5 60. Bd3 Be4 61. Bc4 Bd5 62. Be2 Be6 63.
Bd3 Bf5 64. Be2 Ke4 65. Bc4 Be6 66. Be2 Ke5 67. Bf3 Bd5 68. Be2 Bb3 69. Bd3 Be6 70. Be2 1/2-1/2

[Event "*** Titled Tuesday Blitz"]
[Site "Chess.com"]
[Date "2021.03.02"]
[Round "5"]
[White "DonPreuss"]
[Black "GameOverBro"]
[Result "0-1"]
[WhiteElo "2293"]
[BlackElo "2504"]
[TimeControl "180+1"]
[EndTime "10:56:48 PST"]
[Termination "GameOverBro won by resignation"]

1. d4 Nf6 2. Nc3 d6 3. e4 e5 4. f4 exd4 5. Qxd4 Nc6 6. Qd1 g6 7. Nf3 Bg7 8. Bd3 O-O 9. O-O Re8 10. Qe1 Nb4 11. Qh4 Nxd3 12. cxd3 c6 13. f5 Nd7 14. Bg5 Qb6+ 15. Kh1 Qxb2 16. f6 Qxc3 17. fxg7 Qxg7 18. Bh6 Qc3 19. Ng5 Ne5 20. Nxh7 Ng4 21. h3 Qh8 22. Nf6+ Nxf6 23. Rxf6 Re5 24. Raf1 Be6 25. Qf4 c5 26. d4 cxd4 27. Rxe6 Qh7 28. Rxe5 dxe5 29. Qg5 Re8 30. Qd2 g5 31. Bxg5 Qg6 32. h4 Qxe4 33. Rf6 Re6 34. Qf2 Rxf6 35. Qxf6 d3 36. Bh6 Qg4 37. Bg5 d2 38.
Qd8+ Kg7 39. Qxd2 f6 40. Qf2 fxg5 41. hxg5 Qxg5 42. Qxa7 Qc1+ 43. Kh2 Qf4+ 44. Kh1 Qc1+ 45. Kh2 Qf4+ 46. Kh1 Qb4 47. Qf2 e4 48. Qe3 Kf6 49.
Qf4+ Ke6 50. Qe3 Ke5 51. g4 Qb1+ 52. Kg2 Qxa2+ 53. Kg3 Qb1 54. Qc5+ Ke6 55. Qc4+ Kd6 56. Qd4+ Kc6 57. Qc4+ Kb6 58. Qd4+ Ka5 59. g5 Qe1+ 60.
Kf4 Qc1+ 61. Kf5 Qc8+ 62. Kxe4 Qg4+ 63. Kd3 Qxg5 64. Qc3+ Ka6 65. Qc4+ Qb5 66. Kc3 Qxc4+ 67. Kxc4 Ka5 68. Kc5 b5 69. Kd4 Ka4 70. Kc3 Ka3 71. Kc2 b4 72. Kb1 Kb3 73. Ka1 Kc2 74. Ka2 b3+ 75. Ka3 b2 76. Kb4 b1=Q+ 77. Kc4 Qb3+ 0-1

[Event "*** Titled Tuesday Blitz"]
[Site "Chess.com"]
[Date "2021.03.02"]
[Round "5"]
[White "MirMan90"]
[Black "Rap_woyska"]
[Result "1/2-1/2"]
[WhiteElo "2739"]
[BlackElo "2567"]
[TimeControl "180+1"]
[EndTime "10:56:58 PST"]
[Termination "Game drawn - insufficient material"]

1. d4 Nf6 2. c4 c6 3. Nf3 d5 4. Qb3 dxc4 5. Qxc4 Bf5 6. Nc3 e6 7. g3 Nbd7 8. Bg2 Ne4 9. O-O Be7 10. Ne1 Nxc3 11. bxc3 Nf6 12. Qb3 Qb6 13. f3 O-O 14.
e4 Bg6 15. Be3 Nd7 16. Nd3 Qa6 17. Nf4 c5 18. a4 cxd4 19. cxd4 e5 20. Nxg6 hxg6 21.
dxe5 Nxe5 22. Rfc1 Qf6 23. Bf2 Rac8 24. Rab1 b6 25.
Rxc8 Rxc8 26. Rd1 g5 27. Rf1 Bc5 28. Bxc5 bxc5 29. f4 c4 30. Qb7 Qc6 31. Qxc6 Nxc6 32. Rc1 Nd4 33. Kf2 gxf4 34. gxf4 c3 35. Ke3 Nb3 36.
Rc2 Na1 37. Rc1 c2 38. Kd3 Rd8+ 39. Kc3 Rd1 40. Kb2 Rd2 41. Bf1 Rd1 42. Bc4 Kf8 43. Be2 Rxc1 44. Kxc1 Nb3+ 45. Kxc2 Nc5 46. e5 Nxa4 47.
Kd3 Nb6 48. Kd4 Ke7 49. Bb5 f6 50. h4 Nc8 51. Ke4 Nb6 52. Kf5 fxe5 53. fxe5 Nd5 54. Kg6 Kf8 55. e6 Ne7+ 56. Kg5 a5 57. h5 Nd5 58.
Kg6 Nc3 59. Bc6 a4 60. Bxa4 Nxa4 61. e7+ Kxe7 62. Kxg7 Nc5 63. h6 Ne6+ 64. Kg6 Nf8+ 65.
Kg7 Ne6+ 66. Kg8 Ng5 67. h7 Nxh7 1/2-1/2

[Event "*** Titled Tuesday Blitz"]
[Site "Chess.com"]
[Date "2021.03.02"]
[Round "5"]
[White "VitaRasik"]
[Black "Arvids_Andrejevs"]
[Result "1-0"]
[WhiteElo "2544"]
[BlackElo "2362"]
[TimeControl "180+1"]
[EndTime "10:56:59 PST"]
[Termination "VitaRasik won by resignation"]

1. e4 e5 2. Nf3 Nc6 3. Bb5 Nf6 4. d4 Nxe4 5. Qe2 Nd6 6. Bg5 f6 7. dxe5 Qe7 8. exd6 Qxe2+ 9. Bxe2 fxg5 10. dxc7 g4 11. Nfd2 d5 12. O-O Bd6 13. Nc3 Bxc7 14. Nxd5 Ba5 15. Nc4 O-O 16. Nxa5 Nxa5 17. Rad1 Nc6 18. Ne3 h5 19. Bb5 Be6 20. Bxc6 bxc6 21. Rd6 Bd5 22. Nxd5 cxd5 23. Rxd5 Rfe8 24. Rxh5 Re2 25. Rc5 Rd8 26.
b4 Rdd2 27. a4 Rxc2 28. Rxc2 Rxc2 29. f3 Rb2 30. b5 Ra2 31. fxg4 Rxa4 32. h3 Rb4 33.
Rf5 g6 34. Rc5 Kg7 35. Kh2 Kh6 36. Kg3 Rb2 37. Rd5 Rb4 38. Kf3 Rb3+ 39. Ke4 Rb2 40. Kf3 Rb3+ 41. Kf2 Rb2+ 42. Kg1 Rb3 43. Re5 Rb2 44.
Kh2 Rb3 45. h4 Rb4 46. Kh3 Rb3+ 47. g3 Rb1 48. Re7 Rh1+ 49. Kg2 Rb1 50. Rb7 g5 51. h5 Rb4 52. Kf3 Rb3+ 53. Kg2 Rb2+ 54. Kh3 Rb1 55. Rxa7 Rxb5 56. Ra6+ Kh7 57. Ra2 Rb3 58. Kg2 Kh6 59. Re2 Rb1 60. Kf2 Rb3 61. Re6+ Kh7 62. Re3 Rb5 63. Kf3 Kh6 64. Rd3 Kg7 65. Ke4 Kh6 66. Rd6+ Kh7 67. Rd5 Rb4+ 68. Kf5 Rb3 69. Kxg5 Rxg3 70.
Rd7+ Kg8 71. h6 Rh3 72. Kg6 Kf8 73. g5 Ke8 74. Ra7 Kf8 75. h7 Ke8 76. Ra8+ 1-0

[Event "*** Titled Tuesday Blitz"]
[Site "Chess.com"]
[Date "2021.03.02"]
[Round "5"]
[White "marvinguevara"]
[Black "Kaua18"]
[Result "0-1"]
[WhiteElo "2117"]
[BlackElo "2344"]
[TimeControl "180+1"]
[EndTime "10:57:00 PST"]
[Termination "Kaua18 won on time"]

1. e4 c5 2. d4 cxd4 3. c3 Nf6 4.
e5 Nd5 5. Bc4 e6 6. Nf3 d6 7.
O-O Be7 8. exd6 Qxd6 9. cxd4 O-O 10. Nc3 Nxc3 11. bxc3 b6 12. Bg5 h6 13. Bxe7 Qxe7 14. Ne5 Bb7 15. Bb5 a6 16. Ba4 b5 17. Bc2 Nd7 18. Qd3 Nf6 19. f3 g6 20. Rfe1 Bd5 21. h4 Bc4 22. Qe3 Kg7 23. Rad1 Rfd8 24. Nc6 Qd6 25. Nxd8 Rxd8 26. Qe5 Qxe5 27. Rxe5 Nd5 28.
Bb3 Nxc3 29. Rc1 Ne2+ 30. Rxe2 Bxe2 31. Rc6 a5 32. Kf2 a4 33. Bxe6 fxe6 34. Kxe2 Rxd4 35. Rxe6 Rxh4 36. Rb6 Rb4 37. Kd3 Rb2 38. g4 a3 39.
Kc3 b4+ 40. Rxb4 Rxa2 41. Kb3 Rf2 42. Kxa3 Rxf3+ 43. Ka4 Kf6 44. Kb5 Kg5 45. Kc6 Rf4 46. Rb5+ Kxg4 47. Kd6 Rf6+ 48. Ke7 Ra6 49. Kf7 h5 50.
Rb4+ Kg5 51. Rb5+ Kh6 52. Rb4 g5 53. Rc4 h4 54. Rg4 Kh5 55. Rc4 h3 56. Ra4 g4 57.
Rxa6 h2 58. Kg7 g3 59. Rh6+ Kg4 60. Kg6 g2 61. Rxh2 g1=Q 62. Rh6 Qb6+ 63. Kh7 Qc7+ 64.
Kg6 Qd6+ 65. Kg7 Qe7+ 66. Kg6 Qe6+ 67. Kg7 Qe5+ 68. Kg6 Qf5+ 69. Kg7 Qe5+ 70. Kg6 Qg5+ 71. Kh7 Kf5 0-1

[Event "*** Titled Tuesday Blitz"]
[Site "Chess.com"]
[Date "2021.03.02"]
[Round "5"]
[White "pedro_nascimento85"]
[Black "Mbneu"]
[Result "0-1"]
[WhiteElo "2103"]
[BlackElo "2291"]
[TimeControl "180+1"]
[EndTime "10:57:00 PST"]
[Termination "Mbneu won by resignation"]

1. d4 Nf6 2. c4 c5 3. d5 e6 4. Nc3 exd5 5. cxd5 d6 6. Bf4 g6 7. Qa4+ Bd7 8. Qb3 b5 9. Nxb5 Bxb5 10. Qxb5+ Nbd7 11. Qb3 Rb8 12. Qd1 Rxb2 13. Nf3 Qa5+ 14. Bd2 Qb6 15. Bc3 Bg7 16. Bxb2 Qxb2 17. Qc1 Ne4 18.
Qxb2 Bxb2 19. Rb1 Bc3+ 20. Kd1 O-O 21. Kc2 Bg7 22. e3 Nb6 23. Be2 Nxf2 24. Rhf1 Ng4 25. Kd2 Bh6 26. Kd3 Nxd5 27. Rb7 Ndxe3 28. Rfb1 c4+ 29.
Kc3 Bg7+ 30. Kb4 d5 31. Ka4 c3 32. Rc1 d4 33. Bd3 Nf2 34. Ne1 Rd8 35. Rxa7 h5 36. Rb7 Rd6 37. Kb5 Rf6 38. Rb6 Nxd3 39. Nxd3 Rf5+ 40. Ka6 Rg5 41. Rb8+ Kh7 42. Rb6 Rxg2 43. a4 Ra2 44. a5 Nc4 45. Rc6 Rxa5+ 46. Kb7 Ra4 47.
Kc8 Nb2 48. Nc5 Nc4 49. Nxa4 Na5 50. Ra6 Nb3 51. Rc2 d3 52. Rxc3 Bxc3 53. Nxc3 d2 54. Nd1 Nd4 55. Rc6 Nxc6 56. Kc7 Ne5 57. Kd6 f6 58. Kd5 Kg7 59. Ke4 g5 60. Ke3 Kg6 61.
Kxd2 Ng4 62. Ne3 Nxh2 63. Ng2 Ng4 64. Ke2 h4 65. Kf3 h3 66. Ne1 Ne5+ 67. Kg3 g4 68. Nc2 Kg5 69. Ne3 f5 70. Nd5 Nf3 71. Nf4 Nh4 72. Ne6+ Kf6 73. Nf4 Ng6 74. Nh5+ Kg5 75.
Ng7 f4+ 76. Kh2 f3 77. Kg3 Nf4 78. Ne8 Nh5+ 79. Kh2 Kf4 80. Kg1 g3 81. Ng7 f2+ 82. Kf1 Nxg7 0-1